 Dungeon Crawl Stone Soup version 0.23.2-30-g0e89c35649 (webtiles) character file.

Game seed: 15106503071123874911

6225 funkygono the Thaumaturge (level 10, -1/78 HPs)
             Began as a Red Draconian Conjurer on June 22, 2019.
             Was a Priest of Vehumet.
             Slain by Harold
             ... wielding a +1 dire flail of protection
              (9 damage)
             ... on level 9 of the Dungeon.
             The game lasted 00:38:29 (11163 turns).

funkygono the Thaumaturge (Red Draconian Conjurer) Turns: 11163, Time: 00:38:30

Health: -1/78      AC:  8    Str: 12    XL:     10   Next: 61%
Magic:  0/24       EV: 16    Int: 22    God:    Vehumet [***...]
Gold:   383        SH:  0    Dex: 11    Spells: 21/30 levels left

rFire    + . .     SeeInvis .   x - +2 whip (freeze)
rCold    . . .     Gourm    .   (no shield)
rNeg     . . .     Faith    .   (armour unavailable)
rPois    .         Spirit   +   (helmet restricted)
rElec    .         Reflect  .   l - +0 cloak
rCorr    .         Harm     .   (no gloves)
MR       .....                  (no boots)
Stlth    ++........             t - amulet of guardian spirit (curse)
HPRegen  0.23/turn              j - +4 ring of intelligence
MPRegen  0.19/turn              q - +2 ring of evasion (curse)

@: marked
A: breathe fire, unfitting armour, hooves 1, fire resistance 1, cold-blooded,
MP-powered wands, AC +7
a: Breathe Fire, Renounce Religion


You were on level 9 of the Dungeon.
You worshipped Vehumet.
Vehumet was most pleased with you.
You were not hungry.

You visited 2 branches of the dungeon, and saw 10 of its levels.

You collected 383 gold pieces.

Inventory:

Hand Weapons
 o - a +1 whip
 x - a +2 whip of freezing (weapon)
Missiles
 g - 214 stones (quivered)
Armour
 l - a +0 cloak (worn)
 u - a +0 buckler
Jewellery
 d - an uncursed amulet of magic regeneration
 i - a +2 amulet of reflection
 j - a +4 ring of intelligence (left hand)
 q - a cursed +2 ring of evasion (right hand)
 t - a cursed amulet of guardian spirit (around neck)
 A - a +5 ring of evasion
Wands
 a - a wand of paralysis (8)
 s - a wand of iceblast (10)
 y - a wand of flame (11)
Scrolls
 k - 5 scrolls of teleportation
 v - a scroll of fear
 z - a scroll of identify
 B - 2 scrolls of remove curse
Potions
 c - 3 potions of brilliance
 f - a potion of agility
 n - a potion of haste
 r - a potion of mutation
Comestibles
 b - 18 rations


   Skills:
 + Level 3.8 Fighting
 + Level 3.9 Maces & Flails
 + Level 4.7 Dodging
 + Level 3.6 Stealth
 * Level 10.5 Spellcasting
 + Level 8.5 Conjurations
 + Level 2.1 Hexes
 + Level 1.7 Fire Magic
 + Level 0.3 Poison Magic


You had 21 spell levels left.
You knew the following spells:

 Your Spells              Type           Power        Failure   Level  Hunger
a - Magic Dart            Conj           ####         1%          1    None
b - Searing Ray           Conj           #####.       1%          2    None
c - Dazzling Spray        Conj/Hex       #####.       1%          3    None
d - Sting                 Conj/Pois      ####         1%          1    None
e - Throw Flame           Conj/Fire      ####..       1%          2    None

Your spell library contained the following spells:

 Spells                   Type           Power        Failure   Level  Hunger
 Throw Icicle             Conj/Ice       ####....     2%          4    #......
 Fulminant Prism          Conj/Hex       #####.....   1%          4    #......
 Iskenderun's Mystic Bla  Conj           #####...     1%          4    #......
 Force Lance              Conj/Tloc      ####....     2%          4    #......
 Beastly Appendage        Tmut           ##....       6%          1    None
 Sticks to Snakes         Tmut           ##......     9%          2    None
 Spider Form              Tmut/Pois      ##........   16%         3    None
 Ice Form                 Ice/Tmut       ##......     50%         4    #......
 Blade Hands              Tmut           ##........   85%         5    ####...


Dungeon Overview and Level Annotations

Branches:
Dungeon (9/15)             Temple (1/1) D:4
   Lair: D:8-11         Orc: D:9-12

Altars:
Ashenzari
Cheibriados
Dithmenos
Elyvilon
Fedhas
Gozag
Hepliaklqana
Kikubaaqudgha
Makhleb
Nemelex Xobeh
Okawaru
Qazlal
Ru
Sif Muna
Trog
Uskayaw
Vehumet
Wu Jian
Xom
Yredelemnul
Zin
The Shining One

Annotations:
D:9 Harold


Innate Abilities, Weirdness & Mutations

You can breathe blasts of fire.
Your fiery red scales are hard. (AC +7)
You cannot fit into any form of body armour.
Your flesh is heat resistant. (rF+)
You are cold-blooded and may be slowed by cold attacks.
You have large cloven feet.
You expend magic power (3 MP) to strengthen your wands.


Message History

Harold hits you with a +1 dire flail of protection.
You hit Harold but do no damage.
Harold is almost dead.
You hit Harold but do no damage. You kick Harold, but do no damage.
You tail-slap Harold, but do no damage.
Harold is almost dead.
Harold hits you with a +1 dire flail of protection!
* * * LOW HITPOINT WARNING * * *
You hit Harold but do no damage.
Harold is severely wounded.
Harold closely misses you.
You feel better. Harold barely misses you.
You barely miss Harold.
Harold is severely wounded.
Harold hits you with a +1 dire flail of protection!
* * * LOW HITPOINT WARNING * * *
You hit Harold. You freeze Harold. Your kick misses Harold.
Harold is almost dead.
Harold hits you with a +1 dire flail of protection!
You die...

#.###### ###### ####
##..#..>###....##### #..#
##...#...#..........## ##...
#.........##.........###....
#......#.##..#........#.....
##.......##.......>.........
##........###................
####.##......)#.......##.....##.
#....#.......[)@......##........
#.............[@.....###........
##............[)#.##.............
#..##...........#................
#................................
##...............................
.(..........##..................<
.........#.......................
##...##.##.............###..##...


You could see Harold.

Vanquished Creatures
  Pikel (D:7)
  A kobold demonologist (D:7)
  A troll (D:9)
  A hippogriff (D:7)
  A spriggan (D:7)
  Menkaure (D:5)
  A soldier ant (D:7)
  2 orc warriors (D:8)
  2 black bears (D:5)
  An ice beast (D:8)
  A slave (D:7)
  2 sky beasts
  3 phantoms
  2 necrophages
  9 ogres
  2 centaurs
  A crocodile (D:8)
  3 big kobolds
  5 bullfrogs
  A gnoll sergeant (D:7)
  Blork the orc (D:4)
  3 scorpions
  3 killer bees (D:7)
  2 howler monkeys (D:6)
  3 crimson imps
  7 hounds
  A quasit (D:7)
  12 orc priests
  11 orc wizards
  A centaur skeleton (D:7)
  3 iguanas
  5 worker ants
  A killer bee zombie (D:9)
  A hound zombie (D:8)
  A hound skeleton (D:9)
  10 adders
  11 gnolls
  3 shadow imps
  An adder zombie (D:8)
  3 oozes
  4 worms
  A dart slug (D:3)
  7 leopard geckos
  51 orcs
  3 ball pythons
  10 bats
  6 giant cockroaches
  5 hobgoblins
  14 jackals
  14 kobolds
  4 quokkas
  7 frilled lizards
  2 goblins (D:2)
  A jackal zombie (D:7)
  A leopard gecko skeleton (D:4)
  A leopard gecko zombie (D:6)
  2 quokka skeletons (D:7)
  A quokka zombie (D:6)
  A rat (D:3)
259 creatures vanquished.

Vanquished Creatures (others)
  A slave (D:7)
  A worker ant (D:7)
2 creatures vanquished.

Grand Total: 261 creatures vanquished

Notes
Turn   | Place    | Note
-------+----------+-------------------------------------------
     0 | D:1      | funkygono the Draconian Conjurer began the quest for the
                  | Orb.
     0 | D:1      | Reached XP level 1. HP: 14/14 MP: 3/3
   218 | D:1      | Reached XP level 2. HP: 18/20 MP: 0/5
   222 | D:1      | Learned a level 2 spell: Searing Ray
   980 | D:2      | Reached XP level 3. HP: 26/26 MP: 1/6
  1158 | D:2      | Learned a level 3 spell: Dazzling Spray
  1646 | D:2      | Found a faded altar of an unknown god.
  1651 | D:2      | Reached XP level 4. HP: 32/33 MP: 5/8
  2016 | D:3      | Reached skill level 5 in Conjurations
  2066 | D:3      | Found an ornate altar of the Wu Jian Council.
  2067 | D:3      | Reached skill level 3 in Spellcasting
  2362 | D:3      | Reached skill level 1 in Maces & Flails
  2404 | D:3      | Reached XP level 5. HP: 38/38 MP: 4/9
  2619 | D:4      | Noticed an ogre
  2624 | D:4      | Killed an ogre
  2662 | D:4      | Noticed Blork the orc
  2673 | D:4      | Reached skill level 4 in Spellcasting
  2673 | D:4      | Noticed an ogre
  2677 | D:4      | Killed Blork the orc
  2677 | D:4      | Reached XP level 6. HP: 45/45 MP: 4/12
  3055 | D:4      | Reached skill level 5 in Spellcasting
  3055 | D:4      | Your scales start taking on a fiery red colour.
  3055 | D:4      | Reached XP level 7. HP: 51/51 MP: 9/14
  3055 | D:4      | Gained mutation: Your flesh is heat resistant. (rF+) [Red
                  | Draconian growth]
  3438 | D:4      | Found a staircase to the Ecumenical Temple.
  3445 | Temple   | Entered the Ecumenical Temple
  3579 | Temple   | Became a worshipper of Vehumet
  3945 | D:5      | Entered Level 5 of the Dungeon
  3958 | D:5      | Reached skill level 6 in Spellcasting
  4113 | D:5      | Reached skill level 1 in Fighting
  4133 | D:5      | Reached XP level 8. HP: 52/58 MP: 9/17
  4169 | D:5      | Noticed Menkaure
  4174 | D:5      | Killed Menkaure
  4382 | D:5      | Reached skill level 7 in Spellcasting
  4631 | D:6      | Reached * piety under Vehumet
  4631 | D:6      | Offered knowledge of Sting by Vehumet.
  4634 | D:6      | Learned a level 1 spell: Sting
  4649 | D:6      | Reached skill level 1 in Hexes
  5915 | D:7      | Reached XP level 9. HP: 44/66 MP: 1/20
  6052 | D:7      | Identified the +2 spear of the Modern Lovers {pierce, rF+
                  | SInv}
  6144 | D:7      | Reached skill level 8 in Spellcasting
  6306 | D:7      | Reached ** piety under Vehumet
  6339 | D:7      | Noticed a kobold demonologist
  6346 | D:7      | Noticed a sun demon
  6349 | D:7      | Killed a kobold demonologist
  6632 | D:7      | Offered knowledge of Shock by Vehumet.
  6672 | D:7      | Noticed Pikel
  6692 | D:7      | Killed Pikel
  6692 | D:7      | Reached skill level 9 in Spellcasting
  6879 | D:7      | Gained mutation: You expend magic power (3 MP) to
                  | strengthen your wands. [potion of mutation]
  6879 | D:7      | Gained mutation: You have large cloven feet. [potion of
                  | mutation]
  7643 | D:8      | Reached XP level 10. HP: 72/75 MP: 13/23
  7756 | D:7      | HP: 2/77 [killer bee (3)]
  8399 | D:8      | Offered knowledge of Throw Flame by Vehumet.
  8561 | D:8      | Learned a level 2 spell: Throw Flame
  8609 | D:8      | Reached skill level 10 in Spellcasting
  8645 | D:8      | Reached *** piety under Vehumet
  9843 | D:9      | Reached skill level 1 in Fire Magic
  9850 | D:9      | Offered knowledge of Throw Icicle by Vehumet.
 10087 | D:9      | Noticed Harold
 10213 | D:9      | Noticed a death knight
 11163 | D:9      | Slain by Harold

Skill      XL: |  1  2  3  4  5  6  7  8  9 10 |
---------------+-------------------------------+-----
Dodging        | 2 3 4 |  4.7
Conjurations   | 5 6 7 8 |  8.5
Spellcasting   | 3 4 5 6 7 9 10 | 10.5
Maces & Flails | 1 2 3 |  3.9
Stealth        | 2 3 |  3.6
Fighting       | 1 2 3 |  3.8
Hexes          | 1 2 |  2.1
Fire Magic     | 1 |  1.7
Poison Magic   | |  0.3

Action                   |  1- 3 |  4- 6 |  7- 9 | 10-12 || total
-------------------------+-------+-------+-------+-------++-------
Melee: Club              |    20 |       |       |       ||    20
       Tailslap          |     3 |     2 |    10 |     9 ||    24
       Whip              |       |    15 |    74 |   112 ||   201
       Kick              |       |       |     2 |    18 ||    20
 Cast: Magic Dart        |    57 |    85 |   197 |   127 ||   466
       Searing Ray       |     5 |     6 |    40 |    27 ||    78
       Dazzling Spray    |       |     1 |    18 |    22 ||    41
       Sting             |       |       |     5 |    23 ||    28
       Throw Flame       |       |       |       |    43 ||    43
 Abil: Breathe Fire      |       |       |     1 |     3 ||     4
  Use: Scroll            |     1 |     5 |    10 |     4 ||    20
       Potion            |       |       |     3 |    10 ||    13
 Stab: Invisible         |       |       |     1 |       ||     1
  Eat: Chunk             |     3 |     5 |    12 |     7 ||    27
       Ration            |       |       |     1 |     1 ||     2
Armor: Skin              |    11 |     3 |    80 |    58 ||   152
Dodge: Dodged            |    23 |    17 |   205 |   196 ||   441
